 Dungeon Crawl Stone Soup version 0.29.0-4-gdea44cf6ec (webtiles) character file.

Game seed: 1783407742504615555

102 qw the Ruffian (level 4, -3/44 HPs)
             Began as a Troll Cinder Acolyte on Sept 1, 2022.
             Was a High Priest of Ignis.
             Killed from afar by Ijyb (14 damage)
             ... with a bolt of dispelling energy
             ... on level 3 of the Dungeon.
             The game lasted 00:01:07 (1524 turns).

qw the Ruffian (Troll Cinder Acolyte)               Turns: 1524, Time: 00:01:08

Health: -3/44      AC: 13    Str: 24    XL:     4   Next: 49%
Magic:  4/4        EV:  9    Int: 10    God:    Ignis [*****.]
Gold:   128        SH:  0    Dex:  5    Spells: 5/5 levels left

rFire   + . .      SeeInvis .     - Unarmed
rCold   . . .      Faith    .   (no shield)
rNeg    . . .      Spirit   .   f - +2 robe "Giluhenk" {rElec}
rPois   .          Reflect  .   (helmet restricted)
rElec   +          Harm     .   (no cloak)
rCorr   .          Rampage  .   (gloves unavailable)
Will    .....                   (boots unavailable)
Stlth   +.........              (no amulet)
HPRegen 0.94/turn               (no ring)
MPRegen 0.09/turn               (no ring)

@: fiery-armoured
A: large, unfitting armour, claws 3, regeneration 1, shaggy fur 1, tough skin 1
a: Renounce Religion, Fiery Armour, Foxfire Swarm, Rising Flame


You were on level 3 of the Dungeon.
You worshipped Ignis.
Ignis was extremely pleased with you.
You visited 1 branch of the dungeon, and saw 3 of its levels.

You collected 128 gold pieces.


Innate Abilities, Weirdness & Mutations

You are too large for most types of armour.
You have claws for hands.
Your natural rate of healing is unusually fast.
You are covered in fur. (AC +1)
You have tough skin. (AC +1)


   Skills:
 - Level 2.4 Fighting
 + Level 5.3 Unarmed Combat
 - Level 1.0 Spellcasting
 - Level 2.1 Fire Magic


You had 5 spell levels left.
You didn't know any spells.
Your spell library contained the following spells:

 Spells                   Type           Power      Damage    Failure   Level
 Scorch                   Fire           8%         2d5       22%         2

Inventory:

Missiles
 c - a boomerang (quivered)
Armour
 a - the +2 robe of Disaster {Str+2}
   (You acquired it on level 2 of the Dungeon)

   Str:       It affects your strength (+2).
 d - the +0 hat of Curiosity {Harm Regen+ Dex+4}
   (You acquired it on level 2 of the Dungeon)

   Dex:       It affects your dexterity (+4).
   Regen:     It increases your rate of health regeneration.
   Harm:      It increases damage dealt and taken.
 f - the +2 robe "Giluhenk" (worn) {rElec}
   (You found it on level 2 of the Dungeon)

   rElec:     It insulates you from electricity.
Jewellery
 i - a ring of willpower
Scrolls
 h - a scroll of immolation {unknown}
 j - 3 scrolls of identify
Potions
 b - a potion of mutation {unknown}
 e - a potion of heal wounds {unknown}
 g - a potion of curing {unknown}

Dungeon Overview and Level Annotations

Branches:
Dungeon (3/15)

Altars:
Cheibriados
Okawaru

Shops:
D:1 =

Annotations:
D:3 Ijyb


Message History

Press: ? - help, Q - select action Shift-Dir - straight line, f - endoplasm You throw a boomerang.
The boomerang hits the endoplasm.
The endoplasm is severely wounded.
Throw: boomerang
Press: ? - help, Q - select action Shift-Dir - straight line, f/p - endoplasm You throw a boomerang.
The boomerang barely misses the endoplasm.
Throw: boomerang
Press: ? - help, Q - select action Shift-Dir - straight line, f/p - endoplasm You throw a boomerang.
The boomerang hits the endoplasm.
You kill the endoplasm!
An orc comes into view. It is wielding a +0 trident.
The orc shouts!
Enter note: Ijyb the Twisted Goblin comes into view.
She is wielding a +0 dagger, wearing a +3 leather armour of willpower and carrying a wand of quicksilver (7).
Ijyb shouts!
The orc hits you with a +0 trident.
You scratch the orc but do no damage. The orc barely misses you.
Ijyb zaps a wand.
The bolt of dispelling energy hits you!!
1519 ||| INVOKING Fiery Armour.
A protective cloak of flame settles atop you.
The orc barely misses you.
You closely miss the orc. The orc hits you with a +0 trident.
The orc is burned by your cloak of flames.
The orc is severely wounded.
You closely miss the orc.
The orc is severely wounded.
Ijyb hits you with a +0 dagger. The orc hits you with a +0 trident.
The orc is burned by your cloak of flames.
You kill the orc!
You scratch Ijyb but do no damage. Ijyb hits you with a +0 dagger.
You closely miss Ijyb.
Ijyb zaps a wand.
The bolt of dispelling energy misses you.
You closely miss Ijyb.
Ijyb zaps a wand.
The bolt of dispelling energy hits you!
You die...

###.....................# #.###.
....................._..#P.#.##..
###..###########........#bP#.....
..#..# .. #........#b.#.##..
P.#..# .... #........#..#.##..
###..###########........#..#.....
........................# #.##.#
.##.....................# #.....
................@.......####.#.##
...............g)............#...
<............................#..#
...########......######......#..#
...# ... #......# ###......#..#
...# ...'......# #P#......#...
..## ..#......# #.#.........#
...# .#......# #.#..#####.## #.##
'......# ###..#...#.#.


You could see Ijyb.

Vanquished Creatures
  Terence (D:3)
  An adder (D:2)
  3 orcs (D:3)
  4 bats
  7 endoplasms
  A giant cockroach (D:1)
  7 goblins
  6 hobgoblins
  4 jackals (D:1)
  8 kobolds
  4 quokkas
  A ball python (D:1)
  3 frilled lizards
  6 rats
56 creatures vanquished.

Notes
Turn   | Place    | Note
-------+----------+-------------------------------------------
     0 | D:1      | qw the Troll Cinder Acolyte began the quest for the Orb.
     0 | D:1      | Reached XP level 1. HP: 22/22 MP: 1/1
     0 | D:1      | 0 ||| qw: Version: 0.1-a-97-g2dd2ca4
     0 | D:1      | 0 ||| qw: Game counter: 4888
     0 | D:1      | 0 ||| qw: Always use a shield: true
     0 | D:1      | 0 ||| qw: God list: Okawaru
     0 | D:1      | 0 ||| qw: Allow faded altars: false
     0 | D:1      | 0 ||| qw: Do Orc after D:15 true
     0 | D:1      | 0 ||| qw: Do second Lair branch before Depths: true
     0 | D:1      | 0 ||| qw: Lair rune preference: random
     0 | D:1      | 0 ||| qw: Plans: Normal
     0 | D:1      | 0 ||| PLANNING D:1-11
    11 | D:1      | 11 ||| Stepping ~*~*~tactically~*~*~ (stealth).
    31 | D:1      | 31 ||| Stepping ~*~*~tactically~*~*~ (stealth).
    77 | D:1      | Reached XP level 2. HP: 29/29 MP: 2/2
   279 | D:1      | Reached skill level 4 in Unarmed Combat
   334 | D:1      | 334 ||| Stepping ~*~*~tactically~*~*~ (stealth).
   356 | D:1      | 356 ||| Stepping ~*~*~tactically~*~*~ (stealth).
   362 | D:1      | Reached XP level 3. HP: 36/36 MP: 3/3
   433 | D:1      | Found Lomaddaq's Jewellery Emporium.
   441 | D:1      | 441 ||| SHOPLISTING +4 ring of protection (360 gold, have
                  | 44).
   441 | D:1      | 441 ||| SHOPLISTING amulet of the acrobat (300 gold, have
                  | 44).
   441 | D:1      | 441 ||| SHOPLISTING ring of Darkness {rElec rF+ rC- Dex+6}
                  | (500 gold, have 44).
   441 | D:1      | 441 ||| SHOPLISTING ring of ice (250 gold, have 44).
   441 | D:1      | 441 ||| SHOPLISTING ring of poison resistance (200 gold,
                  | have 44).
   441 | D:1      | 441 ||| SHOPLISTING ring of protection from fire (250 gold,
                  | have 44).
   441 | D:1      | 441 ||| SHOPLISTING ring of resist corrosion (200 gold,
                  | have 44).
   635 | D:1      | Found a faded altar of an unknown god.
   677 | D:1      | 677 ||| READING scroll labelled NYLUISHRARANA.
   680 | D:1      | 680 ||| READING scroll labelled GAAFUUR XAXZIU.
   681 | D:1      | 681 ||| READING scroll labelled KOTOMUEGHA.
   682 | D:1      | 682 ||| READING scroll labelled NYOXISSUIQ.
   683 | D:1      | 683 ||| READING scroll labelled XOICAI BIOTO.
   923 | D:2      | Identified the +2 robe "Giluhenk" {rElec}
   980 | D:2      | 980 ||| Stepping ~*~*~tactically~*~*~ (stealth).
   986 | D:2      | Found an iron altar of Okawaru.
  1131 | D:2      | Identified the +9 hand axe "Neobbum" {pain, Dex+3 SInv}
  1132 | D:2      | 1132 ||| UPGRADING to +2 robe "Giluhenk" {rElec}.
  1142 | D:2      | 1142 ||| DROPPING +0 robe.
  1143 | D:2      | 1143 ||| READING 2 scrolls labelled SOJERA HIRASYOSM.
  1143 | D:2      | Identified 2 scrolls of acquirement
  1143 | D:2      | 1143 ||| ACQUIRING +2 robe of Disaster {Str+2}
  1143 | D:2      | Acquired the +2 robe of Disaster {Str+2}
  1145 | D:2      | 1145 ||| READING scroll of acquirement.
  1145 | D:2      | 1145 ||| ACQUIRING +0 hat of Curiosity {Harm Regen+ Dex+4}
  1145 | D:2      | Acquired the +0 hat of Curiosity {Harm Regen+ Dex+4}
  1246 | D:3      | Reached XP level 4. HP: 43/44 MP: 4/4
  1297 | D:3      | Noticed Terence
  1308 | D:3      | Killed Terence
  1309 | D:3      | Reached skill level 5 in Unarmed Combat
  1309 | D:3      | 1309 ||| FLEEEEING.
  1310 | D:3      | 1310 ||| FLEEEEING.
  1311 | D:3      | 1311 ||| FLEEEEING.
  1312 | D:3      | 1312 ||| FLEEEEING.
  1313 | D:3      | 1313 ||| FLEEEEING.
  1486 | D:3      | Found a snail-covered altar of Cheibriados.
  1515 | D:3      | Noticed Ijyb
  1519 | D:3      | 1519 ||| INVOKING Fiery Armour.
  1521 | D:3      | HP: 11/44 [orc/+0 trident (6)]
  1524 | D:3      | Killed from afar by Ijyb

Levels and vault maps discovered:
D:1:      lightli_arrival_boilingwater, layout_loops_ring, serial_shops,
          nicolae_shop_stone, chequers_ecumenical_altar_twisty
D:2:      layout_rooms, basic_altar
D:3:      layout_basic, overflow_temple_1_default, serial_aquarium,
          aquarium_bridge_straight [aquarium_subvault_bridge,
          aquarium_subvault_window, aquarium_subvault_bridge,
          aquarium_subvault_balcony], aquarium_bridge_square
          [aquarium_subvault_window, aquarium_subvault_balcony,
          aquarium_subvault_bridge, aquarium_subvault_bridge],
          aquarium_window_2, aquarium_window_1, aquarium_window_fake,
          aquarium_window_2, aquarium_view_2c, aquarium_view_2b,
          aquarium_pool_corner, uniq_ijyb, uniq_terence, uniq_crazy_yiuf_cottage

Skill      XL: |  1  2  3  4 |
---------------+-------------+-----
Unarmed Combat | 4 5 |  5.3
Fighting       | |  2.4
Spellcasting   | |  1.0
Fire Magic     | |  2.1

Action                   |  1- 3 |  4- 6 || total
-------------------------+-------+-------++-------
Melee: Unarmed           |   112 |    19 ||   131
Throw: Boomerang         |    23 |    13 ||    36
Invok: Fiery Armour      |       |     1 ||     1
  Use: Scroll            |     7 |       ||     7
Armor: Robe              |    31 |     1 ||    32
Dodge: Dodged            |    50 |     6 ||    56

Table legend:
 A = Non-vault XP
 B = Vault XP
 C = Vault XP percentage of total XP
 D = Non-vault monster count
 E = Vault monster count
 F = Vault count percentage of total count
                 A         B        C        D         E       F
            +---------+---------+-------+---------+---------+-------
      Total |     110 |      36 |  24.7 |      55 |       1 |   1.8
            +---------+---------+-------+---------+---------+-------
        D:1 |      52 |       0 |   0.0 |      29 |       0 |   0.0
        D:2 |      39 |       0 |   0.0 |      17 |       0 |   0.0
        D:3 |      19 |      36 |  65.5 |       9 |       1 |  10.0
            +---------+---------+-------+---------+---------+-------
